 Dungeon Sprint DCSS version 0.28-a0-872-g80cf8599ee (webtiles) character file.

Game seed: 10501206735532239495

3664 mhtbhm the Basher (level 9, -2/94 HPs)
             Began as a Minotaur Fighter on Nov 20, 2021.
             Was an Initiate of Gozag.
             Slain by a komodo dragon (23 damage)
             ... in the Dungeon (Sprint IX: "|||||||||||||||||||||||||||||").
             The game lasted 00:01:42 (1099 turns).

mhtbhm the Basher (Minotaur Fighter)                Turns: 1099, Time: 00:01:43

Health: -2/94      AC: 15    Str: 23    XL:     9   Next: 89%
Magic:  8/8        EV:  9    Int: 11    God:    Gozag
Gold:   889        SH:  7    Dex: 11    Spells: 8/8 levels left

rFire   . . .      SeeInvis .   a - +0 flail
rCold   . . .      Faith    .   c - +0 buckler
rNeg    . . .      Spirit   .   b - +1 chain mail
rPois   .          Reflect  .   (helmet restricted)
rElec   .          Harm     .   (no cloak)
rCorr   .          Rampage  .   (no gloves)
Will    .....      NoTele   +   m - +0 pair of boots
Stlth   ..........              (no amulet)
HPRegen 0.25/turn               n - +3 ring of intelligence
MPRegen 0.11/turn               o - +3 ring of intelligence

@: gold aura
A: horns 2, retaliatory headbutt
a: Renounce Religion, Potion Petition, Call Merchant, Bribe Branch


You were in the Dungeon.
You worshipped Gozag.
Gozag was pleased with you.
You visited 1 branch You collected 889 gold pieces.

Inventory:

Hand Weapons
 a - a +0 flail (weapon)
Armour
 b - a +1 chain mail (worn)
 c - a +0 buckler (worn)
 m - a +0 pair of boots (worn)
Jewellery
 n - a +3 ring of intelligence (left hand)
 o - a +3 ring of intelligence (right hand)
Wands
 l - a wand of acid (3)
Scrolls
 j - 2 scrolls of blinking
 k - 2 scrolls of amnesia
 q - 2 scrolls of enchant weapon
 r - a scroll of fear
 s - 2 scrolls of fog
 t - a scroll of identify
Potions
 d - a potion of resistance
 e - 6 potions of curing
 f - 5 potions of heal wounds
 g - a potion of haste
 h - 4 potions of magic
 i - a potion of invisibility
 p - a potion of lignification


   Skills:
 + Level 13.8 Fighting
 + Level 14.3 Maces & Flails
 + Level 14.2 Armour
 + Level 2.7 Dodging
 + Level 0.1 Stealth
 + Level 13.0 Shields
 + Level 3.3 Evocations


You had 8 spell levels left.
You didn't know any spells.
Your spell library contained the following spells:

 Spells                   Type           Power      Damage    Failure   Level
 Conjure Flame            Conj/Fire      0%         6-21      99%         3
 Ignite Poison            Fire/Tmut/Pois 0%         N/A       99%         3
 Sticky Flame             Conj/Fire      0%         2d3       100%        4


Dungeon Overview and Level Annotations

Branches:
Dungeon (1/1)

Altars:
Cheibriados
Dithmenos
Elyvilon
Fedhas
Gozag
Hepliaklqana
Kikubaaqudgha
Makhleb
Nemelex Xobeh
Okawaru
Qazlal
Ru
Sif Muna
Trog
Uskayaw
Vehumet
Wu Jian
Xom
Yredelemnul
Zin
The Shining One
Beogh
Jiyva
Lugonu


Innate Abilities, Weirdness & Mutations

You have a pair of horns on your head.
You reflexively headbutt those who attack you in melee.


Message History

You are too injured to fight recklessly!
You are too injured to fight recklessly!
You are too injured to fight recklessly!
You feel better. You block the black mamba's attack.
The black mamba bites you but does no damage.
You closely miss the black mamba. You headbutt the black mamba!
The black mamba is almost dead.
The black mamba bites you!
You are poisoned.
The black mamba poisons you!
The basilisk hisses menacingly.
You closely miss the black mamba.
The black mamba is almost dead.
You feel very sick. The black mamba bites you!
You are lethally poisoned!
The black mamba poisons you!
The black mamba bites you but does no damage.
You feel better. You block the black mamba's attack.
You sock the black mamba!
You kill the black mamba!
Your Shields skill increases to level 13!
You sock the komodo dragon!
The komodo dragon is moderately wounded.
The black mamba is distracted by your dazzling golden aura.
You barely miss the komodo dragon.
The black mamba hisses angrily.
Your headbutt misses the komodo dragon.
The komodo dragon is moderately wounded.
You block the komodo dragon's attack.
Unknown command.
Your chain mail prevents you from hitting the komodo dragon.
The komodo dragon is moderately wounded.
The komodo dragon bites you!!
* * * LOW HITPOINT WARNING * * *
You bludgeon the komodo dragon!!
The komodo dragon is severely wounded.
The komodo dragon bites you!!
You die...
Your body crumbles into a pile of gold.

▓.▓.▓.▓
▓.▓.▓.▓
$
▓.▓.▓.▓
$
▓.▓.▓.▓
$
▓.▓.▓'▓
$
▓.▓.▓_▓
$
▓.▓.▓_▓
$
▓.▓.▓_▓
$
▓@▓.▓_▓
$
▓l▓.▓_▓
$
▓l▓.▓_▓
$
▓.▓.▓_▓
$
▓S▓.▓_▓
$
▓Y▓.▓_▓
$
▓S▓.▓_▓
▓.▓.▓_▓
$ ▓.▓_▓


You could see a komodo dragon, a black mamba, a yak, a basilisk and a water
moccasin.

Vanquished Creatures
  A catoblepas (D)
  A two-headed ogre (D)
  A centaur warrior (D)
  An ugly thing (D)
  A black mamba (D)
  A hornet (D)
  A slime creature (D)
  A shadow (D)
  A wraith (D)
  A vampire mosquito (D)
  An orc warrior (D)
  A black bear (D)
  A phantom (D)
  A gnoll sergeant (D)
  A wight (D)
  A hound (D)
  A gnoll (D)
  An adder (D)
  A dart slug (D)
  2 ball pythons (D)
  2 quokkas (D)
  A ball python zombie (D)
24 creatures vanquished.

Notes
Turn   | Place    | Note
-------+----------+-------------------------------------------
     0 | D        | mhtbhm the Minotaur Fighter began the quest for the Orb.
     0 | D        | Reached XP level 1. HP: 19/19 MP: 0/0
    17 | D        | Reached XP level 2. HP: 19/28 MP: 1/1
    21 | D        | Reached skill level 5 in Armour
   125 | D        | Noticed a phantom
   138 | D        | Killed a phantom
   139 | D        | Reached XP level 3. HP: 14/38 MP: 2/2
   139 | D        | Reached XP level 4. HP: 17/45 MP: 3/3
   140 | D        | Reached skill level 5 in Maces & Flails
   167 | D        | Found a snail-covered altar of Cheibriados.
   167 | D        | Found a shadowy altar of Dithmenos.
   167 | D        | Found a white marble altar of Elyvilon.
   167 | D        | Found a blossoming altar of Fedhas.
   167 | D        | Found an opulent altar of Gozag.
   168 | D        | Found a hazy altar of Hepliaklqana.
   169 | D        | Found a viscous altar of Jiyva.
   170 | D        | Found an ancient bone altar of Kikubaaqudgha.
   171 | D        | Found a corrupted altar of Lugonu.
   172 | D        | Found a burning altar of Makhleb.
   173 | D        | Found a sparkling altar of Nemelex Xobeh.
   174 | D        | Found an iron altar of Okawaru.
   175 | D        | Found a stormy altar of Qazlal.
   176 | D        | Found a sacrificial altar of Ru.
   177 | D        | Found a shimmering blue altar of Sif Muna.
   178 | D        | Found a bloodstained altar of Trog.
   179 | D        | Found a hide-covered altar of Uskayaw.
   180 | D        | Found a radiant altar of Vehumet.
   181 | D        | Found an ornate altar of the Wu Jian Council.
   182 | D        | Found a shimmering altar of Xom.
   183 | D        | Found a basalt altar of Yredelemnul.
   195 | D        | Became a worshipper of Gozag Ym Sagoz the Greedy
   205 | D        | Found a glowing silver altar of Zin.
   206 | D        | Found a glowing golden altar of the Shining One.
   361 | D        | Noticed a wraith
   361 | D        | Noticed a hornet
   361 | D        | Noticed an orc warrior
   361 | D        | Noticed a two-headed ogre
   361 | D        | Noticed a shadow
   363 | D        | Reached XP level 5. HP: 52/52 MP: 4/4
   370 | D        | Killed a wraith
   371 | D        | Reached XP level 6. HP: 54/62 MP: 5/5
   376 | D        | Killed a hornet
   377 | D        | Reached skill level 10 in Armour
   378 | D        | Killed an orc warrior
   378 | D        | Killed a shadow
   379 | D        | Reached skill level 10 in Fighting
   379 | D        | Reached skill level 10 in Maces & Flails
   379 | D        | Reached skill level 1 in Dodging
   379 | D        | Reached skill level 10 in Shields
   379 | D        | Reached skill level 1 in Evocations
   379 | D        | Reached XP level 7. HP: 51/73 MP: 6/6
   381 | D        | Killed a two-headed ogre
   382 | D        | Reached XP level 8. HP: 30/82 MP: 7/7
   613 | D        | Noticed a centaur warrior
   613 | D        | Noticed a slime creature
   613 | D        | Noticed a catoblepas
   613 | D        | Noticed a brown ugly thing
   618 | D        | Killed a centaur warrior
   627 | D        | Killed a slime creature
   628 | D        | Reached XP level 9. HP: 45/92 MP: 8/8
   630 | D        | Killed a catoblepas
   633 | D        | Killed a brown ugly thing
  1078 | D        | Noticed a black mamba
  1078 | D        | Noticed a komodo dragon
  1078 | D        | Noticed a black mamba
  1095 | D        | Killed a black mamba
  1099 | D        | Slain by a komodo dragon

Illustrated notes

Levels and vault maps discovered:
D:        linesprint [early_d, line_temple, items_1, d_10, items_2, lair_1,
          lair_end, items_3, orc_1, orc_end, items_4, d_15, swamp_1, shoals_1,
          snake_1, spider_1, d_20, vaults_1, items_5, swamp_end, shoals_end,
          snake_end, spider_end, vaults_end, d_27, items_6, zot_1, zot_end,
          crypt_end, forest_end, elf_end, slime_end, tomb_end, abyss_end,
          pan_hell_end]

Skill      XL: |  1  2  3  4  5  6  7  8  9 |
---------------+----------------------------+-----
Fighting       | 4 6 7 8 10 11 12 13 | 13.8
Armour         | 4 6 8 9 11 12 13 14 | 14.2
Shields        | 4 6 7 8 10 11 12 13 | 13.0
Maces & Flails | 3 4 6 7 10 11 12 14 | 14.3
Dodging        | 1 2 |  2.7
Evocations     | 1 2 3 |  3.3
Stealth        | |  0.1

Action                   |  1- 3 |  4- 6 |  7- 9 || total
-------------------------+-------+-------+-------++-------
Melee: Flail             |    27 |    17 |    46 ||    90
       Headbutt          |     3 |       |     9 ||    12
Evoke: Wand              |       |     4 |     3 ||     7
  Use: Potion            |     1 |       |     3 ||     4
Armor: Scale mail        |     9 |       |       ||     9
       Chain mail        |       |     7 |    12 ||    19
Dodge: Dodged            |     9 |     9 |    14 ||    32
Block: Buckler           |     5 |     6 |    11 ||    22

Table legend: (Time is in decaauts)
 A = Elapsed time spent in this place.
 B = Non-inter-level travel time spent in this place.
 C = Inter-level travel time spent in this place.
 D = Time resting spent in this place.
 E = Time spent auto-exploring this place.
 F = Levels seen in this place.
 G = Mean time per level.
                   A        B        C        D        E       F      G
               +--------+--------+--------+--------+--------+-----+--------+
         Total |   1104 |   1104 |      0 |    670 |    162 |   1 | 1104.0 |
       Dungeon |   1104 |   1104 |      0 |    670 |    162 |   1 | 1104.0 |
               +--------+--------+--------+--------+--------+-----+--------+

Top non-repeatable levels by time:
       D: 1104 daAuts
